 Dungeon Crawl Stone Soup version 0.23.1 (webtiles) character file.

Game seed: 492502099040051098

1392 Forgol the Geomancer (level 8, 0/41 HPs)
             Began as a Gargoyle Earth Elementalist on Mar 11, 2019.
             Slain by Harold
             ... wielding a +0 flail
              (16 damage)
             ... on level 7 of the Dungeon.
             The game lasted 00:28:49 (10163 turns).

Forgol the Geomancer (Gargoyle Earth Elementalist) Turns: 10163, Time: 00:28:49

Health: 0/41       AC:  8    Str: 12    XL:     8   Next: 68%
Magic:  17/17      EV: 12    Int: 18    God:
Gold:   266        SH:  0    Dex: 10    Spells: 10/19 levels left

rFire    . . .     SeeInvis .   r - staff of air
rCold    . . .     Gourm    +   (no shield)
rNeg     + + +     Faith    .   c - +1 robe
rPois    ∞         Spirit   .   (no helmet)
rElec    +         Reflect  .   (no cloak)
rCorr    .         Harm     .   (no gloves)
MR       .....                  (no boots)
Stlth    ++........             t - amulet of the gourmand
HPRegen  0.13/turn              s - ring of positive energy
MPRegen  0.15/turn              w - ring of positive energy

@: no status effects
A: negative energy resistance 1, electricity resistance, unbreathing,
petrification resistance, rot immunity, AC +5
a: no special abilities


You were on level 7 of the Dungeon.
You were very full.

You visited 1 branch of the dungeon, and saw 7 of its levels.
You also visited: Sewer and Ossuary.

You collected 266 gold pieces.

Inventory:

Hand Weapons
 o - a +0 flail
 p - a +0 morningstar
Missiles
 b - 40 stones (quivered)
Armour
 c - a +1 robe (worn)
Magical Staves
 r - an uncursed staff of air (weapon)
Jewellery
 s - a ring of positive energy (left hand)
 t - an amulet of the gourmand (around neck)
 w - a ring of positive energy (right hand)
 x - an uncursed ring of magical power {unknown}
Wands
 m - a wand of digging (8)
 q - a wand of enslavement (6)
 u - a wand of iceblast (3)
 v - a wand of clouds (3)
Scrolls
 i - a scroll of fog
 l - 4 scrolls of remove curse
 A - a scroll of teleportation
Potions
 a - 5 potions of flight
 e - a potion of lignification
 f - 2 potions of haste
 g - 3 potions of brilliance
 h - 3 potions of ambrosia {unknown}
 j - 3 potions of heal wounds
 k - 4 potions of curing {unknown}
 n - a potion of degeneration {unknown}
 z - a potion of berserk rage {unknown}
Comestibles
 d - 7 rations


   Skills:
 + Level 0.0 Fighting
 + Level 0.0 Armour
 - Level 1.5 Dodging
 - Level 2.1 Stealth
 + Level 6.0 Spellcasting
 * Level 5.8 Conjurations
   Level 0.7 Transmutations
 * Level 8.3 Earth Magic


You had 10 spell levels left.
You knew the following spells:

 Your Spells              Type           Power        Failure   Level  Hunger
a - Sandblast             Erth           #####.       1%          1    None
b - Stone Arrow           Conj/Erth      ####..       1%          3    ##.....
c - Lee's Rapid Deconstr  Erth           #####.....   11%         5    #####..

Your spell library contained the following spells:

 Spells                   Type           Power        Failure   Level  Hunger
 Passwall                 Tmut/Erth      ###.....     2%          2    None
 Confusing Touch          Hex            #.....       12%         1    None
 Petrify                  Tmut/Erth      ###.....     19%         4    ####...
 Confuse                  Hex            #.......     34%         3    ##.....
 Gell's Gravitas          Tloc           #.........   34%         3    ##.....
 Yara's Violent Unravell  Hex/Tmut       #.........   96%         5    #####..
 Metabolic Englaciation   Hex/Ice        #.........   97%         5    #####..


Dungeon Overview and Level Annotations

Branches:
Dungeon (7/15)
 Temple: D:4-7

Altars:
Dithmenos
Elyvilon
Hepliaklqana
Kikubaaqudgha
Zin

Shops:
D:4 [   D:6 %

Annotations:
D:7 Harold


Innate Abilities, Weirdness & Mutations

You are resistant to torment.
Your stone body is resilient. (AC +5)
You are immune to poison.
You resist negative energy. (rN+)
You are resistant to electric shocks. (rElec)
You can survive without breathing.
You are immune to petrification.
You are immune to rotting.


Message History

You struggle against the net.
The orc hits you but does no damage. The orc hits you.
The gnoll hits you from afar with a +0 spear.
The gnoll hits you but does no damage.
You struggle against the net.
The orc wizard completely misses you. The orc hits you with a +0 hand axe.
The gnoll hits you from afar with a +0 spear.
The gnoll hits you with a +0 whip.
You struggle against the net.
The orc wizard hits you but does no damage.
The orc hits you but does no damage. The gnoll hits you with a +0 whip.
The gnoll hits you but does no damage.
You rip the net and break free!
The orc wizard hits you but does no damage.
Harold barely misses you. The gnoll hits you but does no damage.
The orc hits you but does no damage. The orc hits you with a +0 hand axe.
The gnoll barely misses you.
The orc wizard hits you but does no damage.
Harold hits you with a +0 flail!
You die...

...............
...........[...
...............
...............
...............
....(....>.....
......o.......$
......@@.g....!
...##.oog).....
.............
......##.......
... ......
......# ....
...... .##....
$...### #..##
.# .#.. ....$..
### .. .?.
..?.... .......


You could see Harold, an orc wizard, 2 gnolls and 2 orcs.

Vanquished Creatures
  An orc warrior (D:6)
  A sky beast (D:5)
  An ogre (D:6)
  2 centaurs
  A big kobold (Sewer)
  A jelly (D:6)
  An orc priest (D:6)
  2 bullfrog skeletons
  3 hounds
  3 orc wizards (D:4)
  2 iguanas
  2 worker ants
  5 big kobold zombies (Ossuary)
  2 hound zombies
  A mummy (Ossuary)
  A howler monkey zombie (D:5)
  A worker ant zombie (D:6)
  10 adders
  2 gnolls
  A river rat (Sewer)
  2 oozes
  An adder zombie (D:6)
  4 worms
  4 dart slugs
  7 leopard geckos
  24 orcs
  3 spectral bats (Ossuary)
  6 giant cockroaches
  7 gnoll zombies (Ossuary)
  6 goblins
  12 hobgoblins
  11 jackals
  3 quokkas
  3 ball pythons
  6 bats
  4 bat simulacra (Ossuary)
  4 frilled lizards
  3 goblin simulacra (Ossuary)
  6 goblin zombies (Ossuary)
  6 hobgoblin zombies (Ossuary)
  12 kobolds
  5 kobold simulacra (Ossuary)
  4 kobold zombies (Ossuary)
  2 orc zombies (Ossuary)
  18 rats
  4 rat simulacra (Ossuary)
  2 spectral kobolds (Ossuary)
  2 spectral rats (Ossuary)
  A plant (D:2)
215 creatures vanquished.

Notes
Turn   | Place    | Note
-------+----------+-------------------------------------------
     0 | D:1      | Forgol the Gargoyle Earth Elementalist began the quest for
                  | the Orb.
     0 | D:1      | Reached XP level 1. HP: 10/10 MP: 3/3
   206 | D:1      | Reached XP level 2. HP: 15/15 MP: 0/5
   212 | D:1      | Reached skill level 4 in Earth Magic
   953 | D:1      | Reached XP level 3. HP: 19/19 MP: 4/6
  1186 | D:1      | Learned a level 3 spell: Stone Arrow
  2064 | D:2      | Reached XP level 4. HP: 21/24 MP: 8/8
  2075 | D:2      | Found a shadowy altar of Dithmenos.
  2075 | D:2      | Found an ancient bone altar of Kikubaaqudgha.
  2075 | D:2      | Found a hazy altar of Hepliaklqana.
  2297 | D:2      | Reached skill level 5 in Earth Magic
  3110 | D:3      | Found a glowing drain.
  3163 | Sewer    | Entered a sewer
  3175 | Sewer    | Reached skill level 1 in Conjurations
  3175 | Sewer    | Reached XP level 5. HP: 20/28 MP: 4/10
  3288 | Sewer    | Noticed a big kobold
  3358 | Sewer    | Killed a big kobold
  3593 | Sewer    | Found a glowing silver altar of Zin.
  3944 | D:3      | Noticed a centaur
  4168 | D:3      | Reached XP level 6. HP: 31/32 MP: 11/11
  4318 | D:3      | Learned a level 5 spell: Lee's Rapid Deconstruction
  4397 | D:3      | Reached skill level 6 in Earth Magic
  4556 | D:4      | Found Jaxelymm's Antique Armour Shop.
  4729 | D:4      | Reached XP level 7. HP: 36/36 MP: 6/13
  5063 | D:4      | Found a sand-covered staircase.
  5068 | Ossuary  | Entered an ossuary
  7102 | D:4      | Reached skill level 5 in Spellcasting
  7102 | D:4      | Reached skill level 7 in Earth Magic
  7792 | D:5      | Entered Level 5 of the Dungeon
  7986 | D:5      | Found a glowing silver altar of Zin.
  8029 | D:5      | Reached XP level 8. HP: 41/41 MP: 12/15
  8035 | D:5      | Found a white marble altar of Elyvilon.
  8616 | D:6      | Found Iveodghuti's Food Shop.
  8639 | D:6      | Reached skill level 5 in Conjurations
  9362 | D:6      | Reached skill level 8 in Earth Magic
  9363 | D:6      | HP: 1/41 [orc/+0 club (3)]
 10155 | D:7      | Noticed Harold
 10163 | D:7      | Slain by Harold

Skill      XL: |  1  2  3  4  5  6  7  8 |
---------------+-------------------------+-----
Earth Magic    | 4 5 6 7 8 |  8.3
Spellcasting   | 3 4 5 6 |  6.0
Conjurations   | 1 2 3 4 5 |  5.8
Dodging        | |  1.5
Stealth        | |  2.1
Transmutations | |  0.7

Action                   |  1- 3 |  4- 6 |  7- 9 || total
-------------------------+-------+-------+-------++-------
Melee: Unarmed           |    12 |       |       ||    12
       Mace              |    40 |   136 |       ||   176
       Flail             |       |    17 |       ||    17
       Staff             |       |     3 |   446 ||   449
 Cast: Sandblast         |    39 |   102 |    92 ||   233
       Stone Arrow       |       |     1 |     4 ||     5
  Use: Scroll            |     4 |     6 |     7 ||    17
       Potion            |       |       |     1 ||     1
 Stab: Sleeping          |       |       |     5 ||     5
  Eat: Chunk             |     4 |     5 |    20 ||    29
       Ration            |       |     1 |     2 ||     3
Armor: Robe              |    27 |    48 |   239 ||   314
Dodge: Dodged            |    63 |    99 |   349 ||   511
